cohdb
Replays
Latest Replays
All Replays
Popular Replays
Top Player Replays
Match Explorer
How It Works
Community
CoH3 Stats
Reddit
Sign in to upload your games and track your stats! →
Sign in with Steam
Match 24039376
Unlisted
Match 24039376
Overview
Messages
Build Orders
End
Royal Engineer Section
Construct Section Command Post
ML 3-inch Mortar Team
Infantry Section
Infantry Section
Construct Field Infirmary
Selects Air and Sea Battlegroup
Selects Commando Section Paradrop
Commando Section Paradrop
Construct Platoon Command Post
Commando Section Paradrop
6-pounder Anti-tank Gun Team
Construct Company Command Post
Matilda II Heavy Tank
Matilda II Heavy Tank
Commando Section Paradrop
Selects Supply Surplus
Selects Centaur Medium Tank
Selects Naval Bombardment
Naval Bombardment
kardsharp
[DziczeDzieci]Cygan
DebaKLe
『BlackBear』
0
0
Comments
sign in to comment!
No comments posted yet!